 Dungeon Crawl Stone Soup version 0.28-a0-1524-ge72afd5fc6 (webtiles) character file.

Game seed: 14889332369346247087

2851 fragbeetle the Ruffian (level 9, -4/72 (73) HPs)
             Began as a White Draconian Transmuter on Jan 17, 2022.
             Killed by divine providence
             ... invoked by an orc priest
              (12 damage)
             ... on level 7 of the Dungeon.
             The game lasted 00:19:39 (7800 turns).

fragbeetle the Ruffian (White Draconian Transmuter) Turns: 7800, Time: 00:19:40

HP:   -4/72 (73)    AC:  2    Str: 15    XL:     9   Next: 46%
MP:   11/13         EV: 21    Int: 20    God:
Gold: 420           SH:  0    Dex: 18    Spells: 2/13 levels left

rFire   . . .      SeeInvis .     - Unarmed
rCold   . . .      Faith    .   (shield currently unavailable)
rNeg    + . .      Spirit   .   (armour unavailable)
rPois   x          Reflect  .   (helmet currently unavailable)
rElec   .          Harm     .   (cloak currently unavailable)
rCorr   .          Rampage  .   (gloves currently unavailable)
Will    .....                   (boots currently unavailable)
Stlth   ++........              A - amulet of regeneration
HPRegen 1.02/turn               d - ring of positive energy
MPRegen 0.13/turn               x - +6 ring of intelligence

@: spider-form, lightly drained
A: venomous fangs, (breathe frost), AC +7, tiny, unfitting armour, (cold
resistance 1), (cold-blooded)
a: End Transformation


You were on level 7 of the Dungeon.
You were a venomous arachnid creature.
You visited 1 branch of the dungeon, and saw 7 of its levels.

You collected 420 gold pieces.

Inventory:

Hand Weapons
 e - a +0 hunting sling
Missiles
 a - 163 stones
 l - 6 poisoned darts
 n - 12 boomerangs
 C - 14 sling bullets
Armour
 t - a +0 pair of boots (melded)
 B - a +0 buckler
Magical Staves
 g - a staff of earth
Jewellery
 d - a ring of positive energy (left front leg)
 w - a ring of protection from cold
 x - a +6 ring of intelligence (right front leg)
 A - an amulet of regeneration (around neck)
Wands
 i - a wand of iceblast (11)
Scrolls
 b - 2 scrolls of noise
 c - a scroll of fear {unknown}
 f - 2 scrolls of magic mapping
 k - a scroll of blinking {unknown}
 o - a scroll of enchant weapon {unknown}
 p - 3 scrolls of teleportation
 q - a scroll of brand weapon {unknown}
 r - 3 scrolls of identify {unknown}
 s - a scroll of vulnerability {unknown}
 v - 2 scrolls of immolation {unknown}
 y - a scroll of enchant armour {unknown}
Potions
 h - a potion of flight {unknown}
 j - a potion of heal wounds {unknown}
 m - a potion of attraction
 u - 2 potions of degeneration {unknown}
 z - 2 potions of curing
 D - a potion of brilliance {unknown}


   Skills:
 + Level 4.8 Fighting
 + Level 4.2 Dodging
 * Level 7.1 Unarmed Combat
 + Level 2.8 Spellcasting
 * Level 6.5 Transmutations
 + Level 3.9 Ice Magic
 * Level 5.8 Poison Magic


You had 2 spell levels left.
You knew the following spells:

 Your Spells              Type           Power      Damage    Failure   Level
a - Beastly Appendage     Tmut           56%        N/A       5%          1
b - Spider Form           Tmut/Pois      27%        N/A       12%         3
c - Ice Form              Ice/Tmut       23%        N/A       36%         4
d - Ozocubu's Armour      Ice            18%        N/A       22%         3

Your spell library contained the following spells:

 Spells                   Type           Power      Damage    Failure   Level
 Wereblood                Tmut           28%        N/A       7%          2
 Passwall                 Tmut/Erth      12%        N/A       17%         2
 Ensorcelled Hibernation  Hex/Ice        20%        N/A       24%         2
 Blink                    Tloc           4%         N/A       43%         2
 Static Discharge         Conj/Air       2%         N/A       43%         2
 Ignite Poison            Fire/Tmut/Pois 19%        N/A       21%         3
 Mephitic Cloud           Conj/Pois/Air  10%        N/A       41%         3
 Lesser Beckoning         Tloc           2%         N/A       63%         3
 Swiftness                Air            2%         N/A       63%         3
 Tukima's Dance           Hex            2%         N/A       63%         3
 Yara's Violent Unravell  Hex/Tmut       7%         3d5       87%         5
 Dispel Undead            Necr           2%         3d7       93%         4
 Passage of Golubria      Tloc           2%         N/A       93%         4
 Sticky Flame             Conj/Fire      2%         2d3       93%         4
 Metabolic Englaciation   Hex/Ice        5%         N/A       96%         5
 Freezing Cloud           Conj/Ice/Air   4%         6-21      98%         5
 Manifold Assault         Tloc           2%         N/A       99%         5
 Simulacrum               Ice/Necr       5%         N/A       100%        6


Dungeon Overview and Level Annotations

Branches:
Dungeon (7/15)
 Temple: D:4-7

Altars:
Nemelex Xobeh
Uskayaw

Annotations:
D:3 2 transporters, hashsling's ghost, weakling DECj
D:4 Grinder
D:7 1 runed translucent door, flotson's ghost, amateur DsGl


Innate Abilities, Weirdness & Mutations

You are a venomous arachnid creature.
You have poisonous fangs.
You are tiny and dextrous.
Your spellcasting is less reliable in this form.
Your armour is entirely melded.
You are incapable of wielding weapons or throwing items.
((You can breathe waves of freezing cold which knock back foes.))
((Your icy white scales are hard. (AC +7)))
You cannot fit into any form of body armour.
((Your flesh is cold resistant. (rC+)))
((You are cold-blooded and may be slowed by cold attacks.))


Message History

You partially resist.
You feel drained. The wight freezes you.
You hit the wight.
The wight is severely damaged.
The orc priest invokes the aid of Beogh against you.
Beogh smites you! The orc hits you with a +0 dagger.
The wight completely misses you.
You hit the wight but do no damage.
The wight is severely damaged.
The orc priest completely misses you. The orc misses you.
The wight hits you with a +2 falchion of freezing!
* * * LOW HITPOINT WARNING * * *
The wight freezes you.
* * * LOW HITPOINT WARNING * * *
You hit the wight.
You destroy the wight!
The orc priest closely misses you. The orc hits you with a +0 dagger.
* * * LOW HITPOINT WARNING * * *
You barely miss the orc.
The orc priest hits you from afar with a +0 trident!
* * * LOW HITPOINT WARNING * * *
The orc completely misses you.
You hit the orc.
The orc is poisoned.
The orc is severely wounded.
The orc completely misses you.
The orc priest looks braver for a moment.
The orc barely misses you.
You barely miss the orc.
The orc is severely wounded.
You kill the orc!
The orc priest closely misses you. The orc barely misses you.
The orc priest hits you with a +0 trident.
* * * LOW HITPOINT WARNING * * *
The orc hits you with a +0 dagger.
* * * LOW HITPOINT WARNING * * *
Items here: ))))))) [[[[[ ††.
You hit the orc priest.
The orc priest is poisoned.
The orc priest is lightly wounded.
The orc priest invokes the aid of Beogh against you.
Beogh smites you!
You die...

## ##.# ####### .##....
#.##.o### .....# ##.###.s.###
....# # ##..# ###o..##...# ##
####...## ##.......# ##..
.#####.......# ###....###...#
.............## ##...##...#
#.............# ###........#
#...###.......#####.(.......#
#.....#...............z....##
#.........................##


You could see an orc priest (very poisoned) and an orc.

Vanquished Creatures
  Prince Ribbit (D:5)
  Eustachio (D:4)
  2 steam dragons (D:7)
  An orc warrior (D:7)
  4 sky beasts
  3 necrophages
  2 ogres
  3 bullfrogs
  A gnoll sergeant (D:7)
  A scorpion (D:5)
  8 wights
  A bullfrog zombie (D:5)
  4 jellies
  4 hounds
  An orc priest (D:5)
  2 iguanas
  4 orc wizards
  2 hound zombies (D:5)
  A howler monkey zombie (D:6)
  5 gnolls
  6 adders
  A white imp (D:6)
  2 worms (D:2)
  4 dart slugs
  22 orcs
  5 ball pythons
  4 endoplasms
  5 giant cockroaches
  6 goblins
  3 hobgoblins
  18 jackals
  9 kobolds
  3 quokkas
  3 bats
  2 frilled lizards
  7 rats
151 creatures vanquished.

Notes
Turn   | Place    | Note
-------+----------+-------------------------------------------
     0 | D:1      | fragbeetle the Draconian Transmuter began the quest for the
                  | Orb.
     0 | D:1      | Reached XP level 1. HP: 16/16 MP: 3/3
   315 | D:1      | Reached XP level 2. HP: 23/23 MP: 3/5
   349 | D:1      | Found a faded altar of an unknown god.
   838 | D:1      | Reached XP level 3. HP: 28/28 MP: 4/6
   842 | D:1      | Learned a level 3 spell: Spider Form
  1256 | D:2      | Reached XP level 4. HP: 36/36 MP: 5/7
  1408 | D:2      | Reached skill level 1 in Poison Magic
  1841 | D:2      | Reached skill level 4 in Unarmed Combat
  2239 | D:2      | Noticed a necrophage
  2263 | D:2      | Killed a necrophage
  2264 | D:2      | Reached XP level 5. HP: 22/41 MP: 5/8
  2740 | D:3      | Found a hide-covered altar of Uskayaw.
  2740 | D:3      | Noticed a +0 dagger
  2757 | D:3      | Noticed a +0 dagger
  2863 | D:3      | Found a transporter.
  2866 | D:3      | Found a transporter.
  2866 | D:3      | Noticed hashsling's ghost (weakling DECj)
  3393 | D:4      | Found a sparkling altar of Nemelex Xobeh.
  3430 | D:4      | Reached XP level 6. HP: 46/50 MP: 9/9
  3628 | D:4      | Noticed Grinder
  3803 | D:5      | Entered Level 5 of the Dungeon
  4076 | D:5      | Learned a level 4 spell: Ice Form
  4138 | D:5      | Your scales start taking on an icy white colour.
  4138 | D:5      | Reached XP level 7. HP: 32/56 MP: 8/10
  4138 | D:5      | Gained mutation: Your flesh is cold resistant. (rC+) [White
                  | Draconian growth]
  4163 | D:5      | Reached skill level 5 in Unarmed Combat
  4684 | D:5      | Reached skill level 1 in Ice Magic
  5038 | D:5      | Noticed Prince Ribbit
  5335 | D:4      | Noticed Eustachio
  5377 | D:4      | Killed Eustachio
  5653 | D:5      | Killed Prince Ribbit
  5654 | D:5      | Reached skill level 5 in Transmutations
  5654 | D:5      | Reached XP level 8. HP: 51/64 MP: 8/11
  6262 | D:6      | Reached skill level 6 in Unarmed Combat
  6566 | D:6      | Learned a level 3 spell: Ozocubu's Armour
  7028 | D:6      | Reached skill level 5 in Poison Magic
  7180 | D:7      | Found a runed translucent door.
  7186 | D:7      | Noticed flotson's ghost (amateur DsGl)
  7270 | D:7      | Reached XP level 9. HP: 25/72 MP: 9/12
  7787 | D:7      | Reached skill level 7 in Unarmed Combat
  7800 | D:7      | Killed from afar by an orc priest

Illustrated notes

Levels and vault maps discovered:
D:1:      wheals_arrival_shading, layout_loops_cross,
          shapermc_ecumenical_altar_venn, minmay_pentomino_u2
D:2:      layout_loops_ring
D:3:      layout_basic, dancing_weapons_uskayaw, gammafunk_ghost_arena
D:4:      layout_cave_pools, old_standard_altar, uniq_grinder, uniq_eustachio
D:5:      cheibrodos_helix_gallery, layout_basic, uniq_prince_ribbit1
D:6:      layout_loops_corners
D:7:      layout_layer_cave, temple_pool_b, ebering_ghost_reflecting_pool,
          hangedman_misty_isle

Skill      XL: |  1  2  3  4  5  6  7  8  9 |
---------------+----------------------------+-----
Dodging        | 2 3 4 |  4.2
Transmutations | 3 4 5 6 |  6.5
Poison Magic   | 2 3 4 5 |  5.8
Fighting       | 2 3 4 |  4.8
Unarmed Combat | 4 5 6 7 |  7.1
Ice Magic      | 2 3 |  3.9
Spellcasting   | |  2.8

Action                   |  1- 3 |  4- 6 |  7- 9 || total
-------------------------+-------+-------+-------++-------
Melee: Unarmed           |    70 |   176 |   272 ||   518
       Kick              |    24 |    38 |    23 ||    85
       Tailslap          |     6 |    18 |     8 ||    32
       Headbutt          |    10 |    24 |     8 ||    42
       Punch             |       |     2 |     1 ||     3
 Cast: Beastly Appendage |    20 |    33 |    10 ||    63
       Spider Form       |       |     2 |    29 ||    31
 Abil: End Transformatio |       |     1 |       ||     1
       Breathe Frost     |       |       |     1 ||     1
  Use: Scroll            |       |       |     3 ||     3
       Potion            |       |       |     1 ||     1
 Stab: Sleeping          |       |       |     1 ||     1
Armor: Skin              |    16 |    34 |    30 ||    80
Dodge: Dodged            |    35 |   102 |   246 ||   383

Table legend: (Time is in decaauts)
 A = Elapsed time spent in this place.
 B = Non-inter-level travel time spent in this place.
 C = Inter-level travel time spent in this place.
 D = Time resting spent in this place.
 E = Time spent auto-exploring this place.
 F = Levels seen in this place.
 G = Mean time per level.
                   A        B        C        D        E       F      G
               +--------+--------+--------+--------+--------+-----+--------+
         Total |   7752 |   7649 |    103 |   1557 |   3969 |   7 | 1107.4 |
       Dungeon |   7752 |   7649 |    103 |   1557 |   3969 |   7 | 1107.4 |
               +--------+--------+--------+--------+--------+-----+--------+

Top non-repeatable levels by time:
     D:5: 1691 daAuts
     D:2: 1573 daAuts
     D:6: 1286 daAuts
     D:1: 1009 daAuts
     D:4: 822 daAuts
     D:3: 753 daAuts
     D:7: 616 daAuts
